 Dungeon Crawl Stone Soup version 0.27.1-4-g1640c2035a (webtiles) character file.

Game seed: 8937319105222059780

17859 MisterFreud the Cruncher (level 12, 0/112 HPs)
             Began as a Minotaur Conjurer on Nov 5, 2021.
             Was a Priest of Makhleb.
             Splashed by a brown ugly thing's acid (11 damage)
             ... on level 13 of the Dungeon.
             The game lasted 00:20:31 (19537 turns).

MisterFreud the Cruncher (Minotaur Conjurer)       Turns: 19537, Time: 00:20:33

Health: 0/112      AC:  8    Str: 15    XL:     12   Next: 22%
Magic:  13/13      EV: 12    Int: 15    God:    Makhleb [***...]
Gold:   675        SH:  5    Dex: 11    Spells: 12/13 levels left

rFire    . . .     SeeInvis +   q - +3 quarterstaff (chaos)
rCold    . . .     Faith    .   (shield currently unavailable)
rNeg     . . .     Spirit   .   I - +0 chain mail
rPois    .         Reflect  +   (helmet restricted)
rElec    .         Harm     .   r - +0 cloak
rCorr    .         Rampage  .   e - +1 pair of gloves
Will     .....                  (no boots)
Stlth    ..........             H - amulet of reflection
HPRegen  0.28/turn              M - ring of see invisible
MPRegen  0.13/turn              d - +4 ring of evasion

@: corroded, studying Armour
A: horns 2, retaliatory headbutt, hooves 1, screaming 1
a: Renounce Religion, Minor Destruction, Lesser Servant of Makhleb


You were on level 13 of the Dungeon.
You worshipped Makhleb.
Makhleb was most pleased with you.
You visited 1 branch of the dungeon, and saw 13 of its levels.
You also visited: Ossuary.

You collected 976 gold pieces.
You spent 301 gold pieces at shops.

Inventory:

Hand Weapons
 g - a +0 dagger of venom
 q - a +3 quarterstaff of chaos (weapon)
Missiles
 c - 6 javelins
 k - 34 poisoned darts
 n - 3 throwing nets
 v - 2 curare-tipped darts
 L - 5 atropa-tipped darts
 N - 6 boomerangs
Armour
 a - a +0 robe
 e - a +1 pair of gloves (worn)
 p - a scarf of repulsion
 r - a +0 cloak (worn)
 I - a +0 chain mail (worn)
Jewellery
 d - a +4 ring of evasion (right hand)
 l - a ring of magical power
 E - a ring of fire
 H - an amulet of reflection (around neck)
 M - a ring of see invisible (left hand)
 S - a ring of resist corrosion
 T - a ring of positive energy
 V - an amulet of regeneration
 W - a ring of fire
Wands
 j - a wand of digging (6)
 J - a wand of charming (8)
 O - a wand of acid (5)
Scrolls
 b - 4 scrolls of enchant armour
 i - 7 scrolls of teleportation
 o - a scroll of magic mapping
 s - a scroll of immolation
 t - 2 scrolls of fear
 u - 2 scrolls of vulnerability
 y - a scroll of enchant weapon
 P - a scroll of blinking
 Q - 2 scrolls of summoning
 R - 2 scrolls of fog
Potions
 f - 2 potions of might
 h - 2 potions of heal wounds
 m - a potion of flight {unknown}
 w - a potion of mutation
 x - 7 potions of curing {unknown}
 z - 2 potions of degeneration {unknown}
 A - 2 potions of magic
 B - a potion of haste
 C - a potion of invisibility {unknown}
 D - 3 potions of brilliance
 F - 3 potions of lignification
 G - a potion of berserk rage {unknown}
 K - a potion of ambrosia {unknown}
 U - a potion of cancellation {unknown}
 Y - a potion of attraction {unknown}


   Skills:
 - Level 12.0 Fighting
 - Level 14.0 Staves
 + Level 7.6 Throwing
 - Level 12.0 Armour
 - Level 2.2 Dodging
 - Level 1.7 Stealth
 - Level 1.3 Spellcasting
 - Level 3.2 Conjurations


You had 12 spell levels left.
You knew the following spells:

 Your Spells              Type           Power      Damage    Failure   Level
a - Magic Dart            Conj           40%        1d5       54%         1

Your spell library contained the following spells:

 Spells                   Type           Power      Damage    Failure   Level
 Searing Ray              Conj           20%        3d3       69%         2
 Animate Skeleton         Necr           2%         N/A       94%         1
 Apportation              Tloc           2%         N/A       94%         1
 Pain                     Necr           4%         1d4       94%         1
 Sandblast                Erth           2%         2d4       94%         1
 Sting                    Tmut/Pois      4%         1d3       94%         1
 Blink                    Tloc           N/A        N/A       98%         2
 Ensorcelled Hibernation  Hex/Ice        2%         N/A       98%         2
 Passwall                 Tmut/Erth      0%         N/A       98%         2
 Dazzling Flash           Conj/Hex       10%        N/A       98%         3
 Mephitic Cloud           Conj/Pois/Air  4%         N/A       99%         3
 Ignite Poison            Fire/Tmut/Pois 1%         N/A       100%        3
 Lesser Beckoning         Tloc           0%         N/A       100%        3
 Spider Form              Tmut/Pois      0%         N/A       100%        3
 Tukima's Dance           Hex            1%         N/A       100%        3
 Vampiric Draining        Necr           0%         2d6       100%        3
 Animate Dead             Necr           0%         N/A       100%        4
 Fulminant Prism          Conj/Hex       2%         3d6       100%        4
 Iskenderun's Mystic Bla  Conj/Tloc      5%         2d3       100%        4
 Passage of Golubria      Tloc           N/A        N/A       100%        4
 Alistair's Intoxication  Tmut/Pois      0%         N/A       100%        5
 Bolt of Magma            Conj/Fire/Erth 2%         4d4       100%        5
 Borgnjor's Vile Clutch   Necr/Erth      0%         N/A       100%        5
 Lee's Rapid Deconstruct  Erth           0%         3d5*      100%        5
 Manifold Assault         Tloc           1%         N/A       100%        5
 Yara's Violent Unravell  Hex/Tmut       0%         3d3       100%        5
 Death Channel            Necr           0%         N/A       100%        6
 Invisibility             Hex            0%         N/A       100%        6
 Shadow Creatures         Summ           N/A        N/A       100%        6


Dungeon Overview and Level Annotations

Branches:
Dungeon (13/15)            Temple (0/1) D:7            Lair (0/6) D:9
    Orc (0/2) D:10        Ossuary (visited)
 Vaults: D:13-14

Altars:
Ashenzari
Dithmenos
Gozag
Hepliaklqana
Kikubaaqudgha
Makhleb
Nemelex Xobeh
Xom
Yredelemnul

Shops:
D:8 [   D:9 ?

Annotations:
D:4 Edmund
D:10 1 runed translucent door, Crownlay's ghost, novice MiBe


Innate Abilities, Weirdness & Mutations

You have a pair of horns on your head.
You reflexively headbutt those who attack you in melee.
You have large cloven feet.
You occasionally shout uncontrollably at your foes.


Message History

You are splashed with acid!
* * * LOW HITPOINT WARNING * * *
Unknown command.
Unknown command.
Unknown command.
You feel much better.
A centaur comes into view.
The centaur wields a +0 shortbow.
The centaur shoots an arrow.
The arrow hits you.
* * * LOW HITPOINT WARNING * * *
The brown ugly thing closely misses you.
You furiously retaliate!
You headbutt the brown ugly thing.
The centaur unwields a +0 shortbow.
The centaur hits you but does no damage.
The centaur kicks you.
* * * LOW HITPOINT WARNING * * *
Unknown command.
The centaur misses you.
The centaur kicks you but does no damage.
The brown ugly thing closely misses you.
The centaur unwields a +0 shortbow.
The centaur hits you but does no damage.
The centaur closely misses you.
The centaur wields a +0 shortbow.
The centaur shoots an arrow.
The arrow hits you!
* * * LOW HITPOINT WARNING * * *
The centaur shoots an arrow.
The arrow barely misses you.
You block the brown ugly thing's attack.
The centaur wields a +0 shortbow.
The centaur shoots an arrow.
The arrow misses you.
The centaur warrior shoots an arrow.
You reflect the arrow off an invisible shield around you!
The arrow hits the centaur warrior.
The centaur shoots an arrow.
The arrow hits you.
* * * LOW HITPOINT WARNING * * *
The centaur shoots an arrow.
You reflect the arrow off an invisible shield around you!
The arrow closely misses the centaur.
The brown ugly thing gores you!
* * * LOW HITPOINT WARNING * * *
The acid corrodes you!
You are splashed with acid!
You die...

..####......##c.....#
....#..............#
..........H.z#.....#
............##.#H..# .##
.........c..##.#...#...#
.........ccc#..........#
......................##
.......u....z...##.####
.......@...#....# .#
#.........##..### ##
##.....<..#...#
#........###.##
#........# ###
.........# ..#.......
.####.#...


You could see a brown ugly thing (fast), 2 skeletal warriors, a centaur warrior,
a manticore and 3 centaurs.

Vanquished Creatures
  A boulder beetle (D:7)
  A hydra (D:8)
  Harold (D:8)
  A centaur warrior (D:13)
  A two-headed ogre (D:12)
  2 tengu warriors (D:8)
  2 manticores
  An elephant (D:8)
  2 gargoyles
  A troll (D:6)
  Prince Ribbit (D:7)
  Grinder (D:5)
  Sigmund (D:4)
  A shadow (D:11)
  A wraith (D:12)
  17 yaks
  3 wyverns
  Grum (D:9)
  2 basilisks (D:9)
  15 vampire mosquitoes
  2 acid dragons
  4 water moccasins
  2 orc warriors
  2 sky beasts
  A necrophage (D:7)
  An ogre (D:6)
  15 centaurs
  2 wolves
  3 kobold brigands
  A bullfrog (D:9)
  6 scorpions
  A wyvern skeleton (D:7)
  17 killer bees
  5 howler monkeys
  2 centaur zombies
  3 hounds
  A jelly (D:6)
  3 gnoll shamans
  An orc priest (D:12)
  A bullfrog skeleton (D:5)
  2 centaur skeletons (D:7)
  2 iguanas (D:5)
  Crazy Yiuf (D:3)
  3 orc wizards
  A killer bee zombie (D:8)
  8 mummies (Ossuary)
  3 howler monkey zombies
  26 gnolls
  6 adders
  A shadow imp (D:5)
  3 worms
  3 dart slugs
  12 orcs
  12 endoplasms
  2 giant cockroaches
  9 goblins
  9 hobgoblins
  4 jackals (D:1)
  3 quokkas (D:2)
  4 ball pythons
  8 bats
  6 frilled lizards
  3 gnoll zombies (Ossuary)
  A goblin zombie (D:5)
  2 hobgoblin zombies (Ossuary)
  24 kobolds
  2 kobold zombies (Ossuary)
  An orc zombie (Ossuary)
  4 rats
  A rat zombie (D:5)
  A spectral hobgoblin (D:2)
296 creatures vanquished.

Vanquished Creatures (others)
  A plant (D:9)
1 creature vanquished.

Grand Total: 297 creatures vanquished

Notes
Turn   | Place    | Note
-------+----------+-------------------------------------------
     0 | D:1      | MisterFreud the Minotaur Conjurer began the quest for the
                  | Orb.
     0 | D:1      | Reached XP level 1. HP: 14/14 MP: 1/1
   203 | D:1      | Reached XP level 2. HP: 8/22 MP: 3/3
   355 | D:1      | Reached skill level 1 in Fighting
  1178 | D:1      | Reached XP level 3. HP: 30/30 MP: 4/4
  1979 | D:2      | Reached XP level 4. HP: 18/40 MP: 5/5
  2367 | D:2      | You fall into a shaft and drop 2 floors!
  2603 | D:4      | Noticed Sigmund
  2614 | D:4      | Killed Sigmund
  2615 | D:4      | Reached skill level 5 in Fighting
  2615 | D:4      | Reached XP level 5. HP: 20/51 MP: 6/6
  3112 | D:3      | Found a runed translucent door.
  3113 | D:3      | Noticed Crazy Yiuf
  3223 | D:2      | Found a faded altar of an unknown god.
  3373 | D:3      | Reached XP level 6. HP: 54/58 MP: 7/7
  3579 | D:3      | Found a burning altar of Makhleb.
  3604 | D:3      | Found a broken altar of Ashenzari.
  4689 | D:3      | Killed Crazy Yiuf
  4690 | D:3      | Reached skill level 1 in Armour
  5060 | D:4      | Found an ancient bone altar of Kikubaaqudgha.
  5139 | D:4      | Noticed Edmund
  5346 | D:4      | Reached skill level 2 in Staves
  5346 | D:4      | Reached XP level 7. HP: 42/68 MP: 8/8
  5844 | D:5      | Entered Level 5 of the Dungeon
  5891 | D:5      | HP: 2/68 [gnoll (3)]
  5893 | D:5      | Gained mutation: You occasionally shout uncontrollably at
                  | your foes. [potion of mutation]
  5893 | D:5      | Gained mutation: You have large cloven feet. [potion of
                  | mutation]
  6214 | D:6      | Reached skill level 3 in Staves
  6484 | D:5      | Reached skill level 4 in Staves
  6542 | D:5      | Reached skill level 5 in Staves
  6559 | D:5      | Found a sand-covered staircase.
  6566 | Ossuary  | Entered an ossuary
  7001 | Ossuary  | Reached skill level 6 in Staves
  7569 | D:5      | Reached XP level 8. HP: 71/74 MP: 9/9
  7582 | D:5      | Reached skill level 7 in Staves
  7689 | D:5      | Noticed Grinder
  7694 | D:5      | Paralysed by Grinder for 4 turns
  8031 | D:5      | Paralysed by Grinder for 2 turns
  8055 | D:5      | Killed Grinder
  8056 | D:5      | Reached skill level 8 in Staves
  8228 | D:5      | Reached skill level 9 in Staves
  8821 | D:3      | Became a worshipper of Makhleb the Destroyer
  9754 | D:6      | Reached skill level 10 in Staves
  9962 | D:6      | Noticed a troll
  9970 | D:6      | Killed a troll
  9971 | D:6      | Reached skill level 5 in Armour
  9971 | D:6      | Reached XP level 9. HP: 55/81 MP: 10/10
 10477 | D:7      | Found a staircase to the Ecumenical Temple.
 10926 | D:7      | Reached * piety under Makhleb
 11097 | D:7      | Noticed Prince Ribbit
 11142 | D:7      | Killed Prince Ribbit
 11304 | D:7      | Noticed a boulder beetle
 11327 | D:7      | Killed a boulder beetle
 11328 | D:7      | Reached skill level 10 in Armour
 11604 | D:7      | Reached XP level 10. HP: 83/88 MP: 11/11
 11664 | D:8      | Noticed a four-headed hydra
 11747 | D:8      | Found Beuruh's Armour Boutique.
 11768 | D:8      | Got the Grimoire of the Mountains and Toxins
 11786 | D:8      | Noticed a tengu warrior
 11800 | D:8      | Killed a tengu warrior
 11819 | D:8      | Noticed a tengu warrior
 11835 | D:8      | Killed a tengu warrior
 11836 | D:8      | Reached skill level 11 in Staves
 12124 | D:7      | Identified a scroll of acquirement
 12124 | D:7      | Acquired a manual of Armour
 12253 | D:8      | Killed a four-headed hydra
 12254 | D:8      | Reached skill level 12 in Staves
 12472 | D:8      | Noticed Harold
 12492 | D:8      | Killed Harold
 12493 | D:8      | Reached skill level 13 in Staves
 13177 | D:9      | Noticed an elephant
 13178 | D:9      | Noticed Grum
 13219 | D:8      | Killed an elephant
 13220 | D:8      | Reached skill level 14 in Staves
 13229 | D:8      | Reached ** piety under Makhleb
 13230 | D:8      | Reached XP level 11. HP: 37/94 MP: 12/12
 13486 | D:9      | Found a shadowy altar of Dithmenos.
 13497 | D:9      | Killed Grum
 13740 | D:9      | Found a basalt altar of Yredelemnul.
 13854 | D:9      | Found a shimmering altar of Xom.
 13855 | D:9      | Found a hazy altar of Hepliaklqana.
 14012 | D:9      | Found a staircase to the Lair.
 15266 | D:9      | Reached skill level 10 in Fighting
 15417 | D:9      | Found Sirib's Magic Scroll Shop.
 15422 | D:9      | Bought a scroll of blinking for 105 gold pieces
 15422 | D:9      | Bought a scroll of identify for 28 gold pieces
 15422 | D:9      | Bought a scroll of teleportation for 42 gold pieces
 15422 | D:9      | Bought a scroll of identify for 28 gold pieces
 15422 | D:9      | Bought a scroll of identify for 28 gold pieces
 15422 | D:9      | Bought a scroll of fog for 28 gold pieces
 15422 | D:9      | Bought a scroll of teleportation for 42 gold pieces
 15542 | D:10     | Entered Level 10 of the Dungeon
 15803 | D:10     | Found a staircase to the Orcish Mines.
 16309 | D:10     | Found a runed translucent door.
 16309 | D:10     | Noticed Crownlay's ghost (novice MiBe)
 16582 | D:10     | Reached *** piety under Makhleb
 16693 | D:10     | Found an opulent altar of Gozag.
 16693 | D:10     | Found a sparkling altar of Nemelex Xobeh.
 17573 | D:11     | Reached skill level 1 in Throwing
 18219 | D:12     | Reached skill level 5 in Throwing
 18617 | D:12     | Reached XP level 12. HP: 112/112 MP: 13/13
 18618 | D:12     | Noticed a two-headed ogre
 18651 | D:12     | Killed a two-headed ogre
 19294 | D:13     | Noticed a centaur warrior
 19306 | D:13     | Killed a centaur warrior
 19523 | D:13     | Noticed a centaur warrior
 19537 | D:13     | Splashed by a brown ugly thing's acid

Illustrated notes

Levels and vault maps discovered:
D:1:      minmay_arrival_doors, layout_rooms
D:2:      layout_rooms, dreamdust_ecumenical_altar_drowned_temple
D:3:      layout_rooms, mainiacjoe_overflow_two_lobes, serial_aquarium,
          aquarium_bridge_long_joined [aquarium_subvault_bridge,
          aquarium_subvault_balcony, aquarium_subvault_bridge,
          aquarium_subvault_window, aquarium_subvault_bridge,
          aquarium_subvault_window], aquarium_bridge_square
          [aquarium_subvault_window, aquarium_subvault_wall,
          aquarium_subvault_bridge, aquarium_subvault_bridge],
          aquarium_window_corner, aquarium_window_corridor_2,
          aquarium_window_corner, aquarium_view_2d, aquarium_balcony_3a,
          aquarium_pool_1, st_stairs_11, uniq_crazy_yiuf_cottage
D:4:      layout_basic, nicolae_kikubaaqudgha_miasma_corner, minmay_door_square,
          uniq_edmund, uniq_sigmund
D:5:      layout_basic, enter_ossuary_4, uniq_grinder
D:6:      layout_basic, minmay_small_thing
D:7:      minmay_cornered_nines, layout_gridville, temple_pool_b,
          uniq_prince_ribbit1
D:8:      layout_cave_pools, serial_shops, nicolae_shop_window_shopping,
          uniq_harold
D:9:      layout_big_octagon, regret_index_temple_of_mockery,
          mainiacjoe_overflow_big_doors, david_lair_generic, serial_shops,
          kennysheep_little_box, centaur_isle, uniq_grum
D:10:     layout_irregular_city, grunt_temple_overflow_opulence, orc_david_3,
          hellmonk_ghost_happy_afterlife
D:11:     layout_loops_cross
D:12:     layout_small_grid
D:13:     evilmike_diamond_2, layout_cave_pools, david_vaults_5

Skill      XL: |  1  2  3  4  5  6  7  8  9 10 11 12 |
---------------+-------------------------------------+-----
Conjurations   | 3 |  3.2
Fighting       | 2 3 6 8 12 | 12.0
Armour         | 1 5 11 12 | 12.0
Staves         | 2 6 10 14 | 14.0
Throwing       | 5 7 |  7.6
Dodging        | |  2.2
Stealth        | |  1.7
Spellcasting   | |  1.3

Action                   |  1- 3 |  4- 6 |  7- 9 | 10-12 || total
-------------------------+-------+-------+-------+-------++-------
Melee: Unarmed           |    28 |       |       |       ||    28
       Headbutt          |    16 |    16 |    46 |    62 ||   140
       Dagger            |   140 |   119 |       |       ||   259
       Quarterstaff      |       |    18 |   290 |   501 ||   809
       Kick              |       |       |    60 |    98 ||   158
Throw: Javelin           |       |       |     1 |       ||     1
       Dart              |       |       |     1 |     2 ||     3
  Use: Scroll            |       |       |     5 |    12 ||    17
       Potion            |       |       |     1 |     3 ||     4
 Stab: Sleeping          |     2 |     2 |       |       ||     4
       Paralysed         |       |       |     2 |     1 ||     3
       Confused          |       |       |     1 |       ||     1
Armor: Robe              |    33 |    26 |    15 |       ||    74
       Chain mail        |       |       |    55 |   286 ||   341
Dodge: Dodged            |   115 |    89 |   200 |   345 ||   749
       Repelled          |       |       |     1 |       ||     1
Block: Other             |       |       |       |   141 ||   141
       Reflection        |       |       |       |    36 ||    36
